 Dungeon Crawl Stone Soup version 0.22-a0-322-g60b3cfd (webtiles) character file.

233 grindst0ne the Covert (level 6, -6/39 HPs)
             Began as an Octopode Assassin on Apr 4, 2018.
             Killed from afar by an orc wizard (11 damage)
             ... with a puff of flame
             ... on level 3 of the Dungeon.
             The game lasted 00:05:20 (2709 turns).

grindst0ne the Covert (Octopode Assassin)           Turns: 2709, Time: 00:05:21

Health: -6/39      AC:  1    Str: 11    XL:     6   Next: 4%
Magic:  7/7        EV: 13    Int: 13    God:
Gold:   123        SH:  0    Dex: 15    Spells: 5/5 levels left

rFire    . . .     SeeInvis .   a - +2 dagger
rCold    . . .     Gourm    .   (no shield)
rNeg     . . .     Faith    .   (helmet restricted)
rPois    .         Spirit   .   l - amulet of the acrobat
rElec    .         Reflect  .   (no ring)
rCorr    .         Harm     .   (no ring)
MR       .....                  (no ring)
Stlth    +++++.....             (no ring)
HPRegen  0.13/turn              (no ring)
MPRegen  0.10/turn              (no ring)
                                (no ring)
                                (no ring)

@: no status effects
A: almost no armour, stealthy swim, amphibious, 8 rings, constrict 8, camouflage
1, gelatinous body 1
a: no special abilities


You were on level 3 of the Dungeon.
You were not hungry.

You visited 1 branch of the dungeon, and saw 3 of its levels.

You collected 123 gold pieces.

Inventory:

Hand Weapons
 a - a +2 dagger (weapon)
 b - a +0 blowgun
Missiles
 c - 19 poisoned needles
 d - 2 curare-tipped needles
 t - 6 tomahawks (quivered)
Armour
 m - a +0 buckler
Magical Staves
 n - an uncursed staff of power
Jewellery
 l - an amulet of the acrobat (around mantle)
Wands
 o - a wand of acid (11)
 y - a wand of random effects (28)
Scrolls
 e - 3 scrolls of fog
 g - 2 scrolls of remove curse
 h - a scroll of enchant armour {unknown}
 i - a scroll of fear {unknown}
 p - a scroll of teleportation {unknown}
 q - a scroll of immolation {unknown}
 r - a scroll of noise {unknown}
 s - 2 scrolls of identify {unknown}
 v - a scroll of blinking {unknown}
Potions
 j - 2 potions of haste {unknown}
 k - a potion of curing
 u - a potion of flight {unknown}
 w - a potion of degeneration {unknown}
 x - a potion of berserk rage {unknown}
 A - a potion of lignification {unknown}
 B - a potion of agility {unknown}
 C - a potion of cancellation {unknown}
Comestibles
 f - 3 rations
 z - a chunk of flesh


   Skills:
 - Level 2.0 Fighting
 - Level 2.0 Short Blades
 - Level 2.0 Throwing
 - Level 1.0 Dodging
 + Level 8.3 Stealth
 + Level 2.4 Shields
 + Level 2.4 Evocations


You had 5 spell levels left.
You didn't know any spells.

Dungeon Overview and Level Annotations

Branches:
Dungeon (3/15)

Altars:
Dithmenos
Kikubaaqudgha
Qazlal

Annotations:
D:1 exclusion: downstairs


Innate Abilities, Weirdness & Mutations

You cannot wear most types of armour.
You are very stealthy in the water. (Stealth+)
You are amphibious.
You can wear up to eight rings at the same time.
You can use your tentacles to constrict eight enemies at once.
Your skin changes colour to match your surroundings (Stealth+).
Your rubbery body absorbs attacks. (AC +1, EV +1)


Message History

The puff of frost hits you! The orc closely misses you.
You barely miss something. Your squeeze misses something. The orc hits you.
Something hits you.
You miss something. Something hits you. The orc misses you.
You miss something. Something hits you.
You hit something. Something hits you.
* * * LOW HITPOINT WARNING * * *
The orc misses you.
You hit something. Your squeeze misses something.
You hear some strange, mumbled words.
A puff of flame appears from out of thin air!
The puff of flame misses you. The orc misses you. Something barely misses you.
You hit something but do no damage. The orc misses you.
You closely miss something. Your squeeze misses something. Something hits you.
* * * LOW HITPOINT WARNING * * *
The orc barely misses you.
You hear some strange, mumbled words.
A puff of flame appears from out of thin air!
The puff of flame hits you!
You die...

.............#####.#######
..........#....###......#
...............)........#
..........##..###########
########'#........#...
#.#.######.#.#
#.#.....o....#
#.########o######
#........@{.......
##########.####### #.# #.#
#.# ..# ###


You could see an orc.

Vanquished Creatures
  Ijyb (D:3)
  Natasha (thrice) (D:2)
  A gnoll (D:2)
  4 adders
  2 oozes
  2 worms
  A dart slug (D:1)
  A leopard gecko (D:1)
  7 orcs (D:3)
  10 bats
  2 giant cockroaches
  7 goblins
  5 hobgoblins (D:1)
  4 jackals (D:2)
  A quokka (D:2)
  A ball python (D:2)
  3 frilled lizards
  8 kobolds
  5 rats
68 creatures vanquished.

Notes
Turn   | Place    | Note
-------+----------+-------------------------------------------
     0 | D:1      | grindst0ne the Octopode Assassin began the quest for the Orb.
     0 | D:1      | Reached XP level 1. HP: 14/14 MP: 1/1
    85 | D:1      | Reached XP level 2. HP: 19/19 MP: 2/2
   101 | D:1      | Reached skill level 6 in Stealth
   315 | D:1      | Reached XP level 3. HP: 24/24 MP: 3/3
   465 | D:1      | Reached skill level 7 in Stealth
   924 | D:2      | Reached XP level 4. HP: 29/29 MP: 4/4
  1065 | D:2      | Noticed Natasha
  1071 | D:2      | Killed Natasha
  1071 | D:2      | Reached skill level 1 in Shields
  1211 | D:2      | Reached skill level 1 in Evocations
  1718 | D:2      | Noticed Natasha
  1723 | D:2      | Killed Natasha
  1723 | D:2      | Reached XP level 5. HP: 13/34 MP: 4/6
  1828 | D:2      | Noticed Natasha
  2004 | D:2      | Killed Natasha
  2004 | D:2      | Reached skill level 8 in Stealth
  2523 | D:3      | Found a stormy altar of Qazlal.
  2527 | D:3      | Found an ancient bone altar of Kikubaaqudgha.
  2529 | D:3      | Found a shadowy altar of Dithmenos.
  2557 | D:3      | Noticed Ijyb
  2575 | D:3      | Killed Ijyb
  2575 | D:3      | Reached XP level 6. HP: 36/39 MP: 7/7
  2709 | D:3      | Killed from afar by an orc wizard

Vault maps used:
D:1:      sevenhm_arrival_forest_fort_small_6, minmay_hexomino_c4
D:2:      kennysheep_generic_room_13, uniq_natasha
D:3:      lightli_temple_of_fire, nicolae_overflow_hidden_temple, first_ration,
          uniq_ijyb

Skill      XL: |  1  2  3  4  5 |
---------------+----------------+-----
Stealth        | 6 7 8 |  8.3
Shields        | 1 2 |  2.4
Evocations     | 1 2 |  2.4
Fighting       | |  2.0
Short Blades   | |  2.0
Throwing       | |  2.0
Dodging        | |  1.0

Action                   |  1- 3 |  4- 6 || total
-------------------------+-------+-------++-------
Melee: Dagger            |    63 |    88 ||   151
       Tentacles         |    12 |    12 ||    24
       Constrict         |    15 |    17 ||    32
  Use: Scroll            |       |     2 ||     2
 Stab: Sleeping          |    12 |     7 ||    19
  Eat: Chunk             |       |     6 ||     6
Armor: Skin              |     7 |     1 ||     8
Dodge: Dodged            |    30 |    60 ||    90

Table legend:
 A = Spawn XP
 B = Non-spawn XP
 C = Spawn XP percentage of total XP
 D = Spawn monster count
 E = Non-spawn monster count
 F = Spawn count percentage of total count
 G = Total turns spent on level
                    A         B        C        D         E        F      G
               +---------+---------+-------+---------+---------+-------+---------
         Total |       0 |     333 |   0.0 |       0 |      68 |   0.0 |  2709
               +---------+---------+-------+---------+---------+-------+---------
           D:1 |       0 |      55 |   0.0 |       0 |      30 |   0.0 |  1092
           D:2 |       0 |     183 |   0.0 |       0 |      24 |   0.0 |  1232
           D:3 |       0 |      95 |   0.0 |       0 |      14 |   0.0 |   385
               +---------+---------+-------+---------+---------+-------+---------
